 Dungeon Crawl Stone Soup version 0.29-a0-330-g52719c12eb (webtiles) character file.

Game seed: 13322257397863050677

475 kae the Firebug (level 6, -2/45 HPs)
             Began as a Demigod Fire Elementalist on May 24, 2022.
             Slain by an ogre
             ... wielding a +0 giant club
              (32 damage)
             ... on level 4 of the Dungeon.
             The game lasted 00:01:40 (4889 turns).

kae the Firebug (Demigod Fire Elementalist)         Turns: 4889, Time: 00:01:41

Health: -2/45      AC:  2    Str:  9    XL:     6   Next: 54%
Magic:  5/13       EV: 12    Int: 25    God:
Gold:   137        SH:  0    Dex: 14    Spells: 2/11 levels left

rFire   . . .      SeeInvis .   (no weapon)
rCold   . . .      Faith    .   (no shield)
rNeg    . . .      Spirit   .   a - +0 robe
rPois   .          Reflect  .   (no helmet)
rElec   .          Harm     .   (no cloak)
rCorr   .          Rampage  .   (no gloves)
Will    .....                   (no boots)
Stlth   ++........              (no amulet)
HPRegen 0.15/turn               (no ring)
MPRegen 0.13/turn               (no ring)

@: very slightly contaminated
A: high MP 1, forlorn, divine attributes
a: no special abilities


You were on level 4 of the Dungeon.
You visited 1 branch of the dungeon, and saw 4 of its levels.

You collected 137 gold pieces.

Inventory:

Armour
 a - a +0 robe (worn)
Jewellery
 p - a ring of wizardry
Wands
 f - a wand of acid (9)
 j - a wand of polymorph (10)
 l - a wand of paralysis (7)
Scrolls
 c - 3 scrolls of torment
 d - a scroll of teleportation {unknown}
 g - 3 scrolls of identify {unknown}
 h - a scroll of noise {unknown}
 o - a scroll of fog
Potions
 b - 3 potions of curing {unknown}
 e - a potion of brilliance {unknown}
 i - a potion of attraction {unknown}
 k - a potion of berserk rage {unknown}
 m - a potion of mutation {unknown}
 n - a potion of resistance {unknown}


   Skills:
 - Level 1.7 Dodging
 - Level 1.7 Stealth
 + Level 3.1 Spellcasting
 * Level 4.1 Conjurations
 * Level 4.9 Fire Magic


You had 2 spell levels left.
You knew the following spells:

 Your Spells              Type           Power      Damage    Failure   Level
a - Foxfire               Conj/Fire      100%       2x1d9     1%          1
b - Scorch                Fire           56%        2d7       1%          2
c - Conjure Flame         Conj/Fire      26%        6-21      4%          3
d - Inner Flame           Hex/Fire       16%        N/A       11%         3

Your spell library contained the following spells:

 Spells                   Type           Power      Damage    Failure   Level
 Static Discharge         Conj/Air       14%        N/A       6%          2
 Flame Wave               Conj/Fire      26%        2d7       16%         4
 Sticky Flame             Conj/Fire      26%        2d5       16%         4
 Summon Guardian Golem    Hex/Summ       3%         N/A       30%         3
 Dispel Undead            Necr           3%         3d7       69%         4
 Orb of Destruction       Conj           12%        9d7       100%        7
 Spellforged Servitor     Conj/Summ      7%         N/A       100%        7


Dungeon Overview and Level Annotations

Branches:
Dungeon (4/15)             Temple (0/1) D:4

Shops:
D:3 =

Annotations:
D:3 Ijyb


Innate Abilities, Weirdness & Mutations

You have an increased reservoir of magic. (+10% MP)
You shall have no god before yourself.
Your divine heritage dramatically boosts your attributes as you level up.


Message History

You conjure some foxfire!
The foxfire hits the ogre.
The ogre is lightly wounded.
The foxfire hits the ogre.
The ogre is lightly wounded.
Casting: Foxfire (safe; 1% risk of failure)
Confirm with . or Enter, or press ? or * to list all spells.
You conjure some foxfire!
The foxfire hits the ogre!
The ogre is heavily wounded.
The foxfire hits the ogre.
The ogre is heavily wounded.
Casting: Foxfire (safe; 1% risk of failure)
Confirm with . or Enter, or press ? or * to list all spells.
You miscast Foxfire.
You are very lightly contaminated with residual magic.
Nothing appears to happen.
Casting: Foxfire (safe; 1% risk of failure)
Confirm with . or Enter, or press ? or * to list all spells.
You conjure some foxfire!
The foxfire hits the ogre but does no damage.
The ogre is heavily wounded.
The foxfire hits the ogre.
The ogre is heavily wounded.
Casting: Foxfire (safe; 1% risk of failure)
Confirm with . or Enter, or press ? or * to list all spells.
You miscast Foxfire.
Nothing appears to happen.
The ogre barely misses you.
Casting: Foxfire (safe; 1% risk of failure)
Confirm with . or Enter, or press ? or * to list all spells.
You conjure some foxfire!
The ogre hits you with a +0 giant club!
The foxfire hits the ogre.
The ogre is heavily wounded.
Casting: Foxfire (safe; 1% risk of failure)
Confirm with . or Enter, or press ? or * to list all spells.
Flames lash the ogre.
The ogre is almost dead.
The ogre's fire resistance burns away.
The ogre closely misses you.
The ogre hits you with a +0 giant club!!
Ouch! That really hurt!
You die...

#....####.####....>....# #.#
#.###.##.♣.##.##..####.###.#
#.# ##.##.##.###...# #[....#
#.#####).#..####...#####.###
#...........##.......###.###
###########.##..............
#.##.......#######
###########.####...###
..........O@# #...#
############# #####


You could see an ogre (combustible).

Vanquished Creatures
  Pargi (D:3)
  A phantom (D:4)
  2 necrophages (D:3)
  An orc priest (D:4)
  An iguana (D:2)
  4 adders
  A worm (D:3)
  3 dart slugs
  13 orcs
  8 ball pythons
  7 endoplasms
  5 giant cockroaches
  3 hobgoblins
  A quokka (D:2)
  7 bats
  2 frilled lizards
  7 goblins
  5 kobolds
  5 rats
77 creatures vanquished.

Vanquished Creatures (others)
  329 foxfires
329 creatures vanquished.

Grand Total: 406 creatures vanquished

Notes
Turn   | Place    | Note
-------+----------+-------------------------------------------
     0 | D:1      | kae the Demigod Fire Elementalist began the quest for the
                  | Orb.
     0 | D:1      | Reached XP level 1. HP: 14/14 MP: 5/5
    78 | D:1      | Reached skill level 1 in Conjurations
   698 | D:1      | Reached XP level 2. HP: 20/20 MP: 4/7
  1747 | D:2      | Reached XP level 3. HP: 26/26 MP: 3/8
  1750 | D:2      | Learned a level 2 spell: Scorch
  1754 | D:2      | Learned a level 3 spell: Conjure Flame
  2216 | D:3      | Found Bimmeyg's Jewellery Shoppe.
  2383 | D:3      | Noticed a necrophage
  2394 | D:3      | Killed a necrophage
  2395 | D:3      | Reached XP level 4. HP: 25/33 MP: 2/10
  2660 | D:3      | Noticed a necrophage
  2675 | D:3      | Killed a necrophage
  2676 | D:3      | Reached XP level 5. HP: 23/38 MP: 5/11
  2843 | D:3      | Learned a level 3 spell: Inner Flame
  2845 | D:3      | Noticed Pargi
  2857 | D:3      | Killed Pargi
  3363 | D:3      | Noticed Ijyb
  3502 | D:2      | Reached XP level 6. HP: 45/45 MP: 8/13
  4736 | D:4      | Found a staircase to the Ecumenical Temple.
  4889 | D:4      | Slain by an ogre

Illustrated notes

Levels and vault maps discovered:
D:1:      eino_arrival_cavern_b, layout_loops_cross,
          ebering_ecumenical_altar_rust, nrook_uturn
D:2:      kb_forest_paths, layout_basic
D:3:      layout_basic, serial_shops, nicolae_shop_hallway_plus,
          hex_intersection, hangedman_decor_peaks_small, uniq_ijyb, uniq_pargi
D:4:      layout_loops_ring, minmay_temple_entry_statues_pillars,
          grunt_decor_cap, grunt_decor_mini_mirrors, minmay_misc_feat_room,
          nicolae_shop_sticking_my_neck_out

Skill      XL: |  1  2  3  4  5  6 |
---------------+-------------------+-----
Conjurations   | 1 2 3 4 |  4.1
Fire Magic     | 3 4 |  4.9
Spellcasting   | 2 3 |  3.1
Dodging        | |  1.7
Stealth        | |  1.7

Action                   |  1- 3 |  4- 6 || total
-------------------------+-------+-------++-------
Melee: Unarmed           |     3 |       ||     3
 Cast: Foxfire           |    98 |    93 ||   191
       Scorch            |       |    14 ||    14
  Use: Potion            |     1 |       ||     1
       Scroll            |     3 |       ||     3
Armor: Robe              |     9 |     8 ||    17
Dodge: Dodged            |    28 |    25 ||    53

Table legend: (Time is in decaauts)
 A = Elapsed time spent in this place.
 B = Non-inter-level travel time spent in this place.
 C = Inter-level travel time spent in this place.
 D = Time resting spent in this place.
 E = Time spent auto-exploring this place.
 F = Levels seen in this place.
 G = Mean time per level.
                   A        B        C        D        E       F      G
               +--------+--------+--------+--------+--------+-----+--------+
         Total |   4891 |   4771 |    120 |    123 |   4038 |   4 | 1222.8 |
       Dungeon |   4891 |   4771 |    120 |    123 |   4038 |   4 | 1222.8 |
               +--------+--------+--------+--------+--------+-----+--------+

Top non-repeatable levels by time:
     D:3: 1506 daAuts
     D:2: 1414 daAuts
     D:1: 1332 daAuts
     D:4: 638 daAuts
